 Dungeon Sprint DCSS version 0.28-a0-1624-g820543e53a (webtiles) character file.

Game seed: 1121322242504262890

28343 mhtbhm the Impaler (level 13, -6/139 HPs)
             Began as a Minotaur Fighter on Jan 23, 2022.
             Was an Initiate of Gozag.
             Mangled by a jumping spider simulacrum (21 damage)
             ... in the Dungeon (Sprint IX: "|||||||||||||||||||||||||||||").
             The game lasted 00:07:27 (2569 turns).

mhtbhm the Impaler (Minotaur Fighter)               Turns: 2569, Time: 00:07:28

Health: -6/139     AC:  3    Str: 24    XL:     13   Next: 9%
Magic:  12/12      EV: 12    Int:  1    God:    Gozag
Gold:   9886       SH: 17    Dex: 15    Spells: 12/12 levels left

rFire   . . .      SeeInvis +   a - +11 spear "Funud" {flame, rPois rN+ Int-4 SInv}
rCold   . . .      Faith    .   c - +2 kite shield {AC+3}
rNeg    + . .      Spirit   .   b - +2 chain mail {Will+}
rPois   +          Reflect  .   v - +2 hat "Owavatan" {*Slow Dex+3}
rElec   .          Harm     .   n - +0 cloak
rCorr   .          Rampage  .   u - +0 pair of gloves
Will    +....      NoTele   +   m - +0 pair of boots
Stlth   +.........              (no amulet)
HPRegen 0.33/turn               o - +2 ring of protection
MPRegen 0.13/turn               p - +2 ring of protection

@: corroded, hasted, very quick
A: horns 2, retaliatory headbutt
a: Renounce Religion, Potion Petition, Call Merchant, Bribe Branch


You were in the Dungeon.
You worshipped Gozag.
Gozag was greatly pleased with you.
You visited 1 branch You collected 11677 gold pieces.
You spent 1047 gold pieces at shops.
You paid 744 gold pieces to Gozag.

Inventory:

Hand Weapons
 a - the +11 spear "Funud" (weapon) {flame, rPois rN+ Int-4 SInv}
   (You found it in the Dungeon)

   It burns those it strikes, dealing additional fire damage.
   Int:       It affects your intelligence (-4).
   rPois:     It protects you from poison.
   rN:        It protects you from negative energy.
   SInv:      It lets you see invisible.
Missiles
 i - a curare-tipped dart (quivered)
Armour
 b - a +2 chain mail of willpower (worn)
 c - a +2 kite shield of protection (worn)
 m - a +0 pair of boots (worn)
 n - a +0 cloak (worn)
 u - a +0 pair of gloves (worn)
 v - the +2 hat "Owavatan" (worn) {*Slow Dex+3}
   (You bought it in a shop in the Dungeon)

   Dex:       It affects your dexterity (+3).
   *Slow:     It may slow you when you take damage.
Jewellery
 o - a +2 ring of protection (left hand)
 p - a +2 ring of protection (right hand)
 A - a ring of positive energy
 B - a ring of fire
 C - a ring of see invisible
Wands
 l - a wand of acid (1)
Scrolls
 j - 4 scrolls of blinking
 k - 2 scrolls of amnesia
 q - a scroll of fog
 r - 3 scrolls of fear
 s - 4 scrolls of identify
 t - 6 scrolls of enchant armour
 y - a scroll of holy word
Potions
 d - 4 potions of berserk rage
 e - 9 potions of curing
 f - 11 potions of heal wounds
 g - 2 potions of haste
 h - 4 potions of magic
 w - a potion of attraction
 x - 3 potions of mutation
 z - a potion of might
 D - a potion of lignification {unknown}


   Skills:
 + Level 19.7 Fighting
 + Level 19.7 Polearms
 + Level 18.8 Armour
 + Level 8.1 Dodging
 + Level 9.9 Stealth
 + Level 19.1 Shields
 + Level 5.8 Evocations


You had 12 spell levels left.
You didn't know any spells.
Your spell library was empty.

Dungeon Overview and Level Annotations

Branches:
Dungeon (1/1)

Altars:
Cheibriados
Dithmenos
Elyvilon
Fedhas
Gozag
Hepliaklqana
Kikubaaqudgha
Makhleb
Nemelex Xobeh
Okawaru
Qazlal
Ru
Sif Muna
Trog
Uskayaw
Vehumet
Wu Jian
Xom
Yredelemnul
Zin
The Shining One
Beogh
Jiyva
Lugonu

Shops:
D [!?(


Innate Abilities, Weirdness & Mutations

You have a pair of horns on your head.
You reflexively headbutt those who attack you in melee.


Message History

You block the entropy weaver's attack.
Unknown command.
You puncture the jumping spider! You burn the jumping spider.
You kill the jumping spider!
A freezing mist starts to gather...
A jumping spider simulacrum comes into view.
The jumping spider is distracted by your dazzling golden aura.
Unknown command.
Unknown command.
The jumping spider simulacrum is distracted by your dazzling golden aura.
The entropy weaver gestures at you while chanting.
The entropic weave corrodes you!
You closely miss the jumping spider simulacrum.
The jumping spider simulacrum is no longer distracted by gold.
The jumping spider is no longer distracted by gold.
You block the jumping spider simulacrum's attack.
The jumping spider simulacrum bites you.
The jumping spider simulacrum freezes you!!
Unknown command.
You barely miss the jumping spider simulacrum.
The jumping spider hisses angrily.
You headbutt the jumping spider simulacrum.
The jumping spider simulacrum is lightly damaged.
You hit the jumping spider simulacrum.
You melt the jumping spider simulacrum.
You headbutt the jumping spider simulacrum, but do no damage.
The jumping spider simulacrum is moderately damaged.
You block the jumping spider simulacrum's attack.
The jumping spider simulacrum misses you.
The entropy weaver barely misses you. The entropy weaver hits you.
The entropy weaver hits you!
* * * LOW HITPOINT WARNING * * *
The entropy weaver hits you!
* * * LOW HITPOINT WARNING * * *
You hit the jumping spider simulacrum but do no damage.
The jumping spider simulacrum is moderately damaged.
The jumping spider simulacrum pounces on you!
* * * LOW HITPOINT WARNING * * *
The jumping spider simulacrum freezes you!!
You die...
Your body crumbles into a pile of gold.

▓▓▓▓▓▓▓▓▓▓▓▓▓▓▓▓▓▓
▓...▓...▓...▓...▓<
▓.▓.▓.▓.▓.▓.▓.▓.▓.
▓.▓.▓.▓.▓.▓.▓.▓.▓.
▓.▓.▓.▓.▓.▓.▓.▓.▓.
▓.▓.▓.▓.▓.▓.▓.▓.▓)
▓s▓.▓.▓.▓.▓.▓.▓.▓.
▓Z▓.▓.▓.▓.▓.▓.▓.▓.
▓@▓.▓.▓.▓.▓.▓'▓.▓.
▓B▓.▓.▓.▓.▓.▓.▓.▓.
▓s▓.▓'▓.▓.▓.▓.▓.▓.
▓.▓.▓.▓.▓.▓.▓.▓.▓)
▓s▓.▓.▓.▓.▓.▓.▓.▓)
▓s▓.▓.▓.▓.▓.▓.▓.▓.
▓.▓.▓=▓.▓)▓.▓.▓.▓.
▓s▓.▓.▓.▓)▓.▓)▓.▓.
▓'▓)▓)▓)▓)▓.▓)▓.▓.


You could see a broodmother (soul bound), an entropy weaver (soul bound), a wolf
spider (soul bound), a jumping spider, 2 redbacks and a jumping spider
simulacrum.

Vanquished Creatures
  Gastronok (D)
  A stone giant (D)
  Azrael (D)
  Erolcha (D)
  A hydra (D)
  An ice dragon (D)
  2 ogre magi (D)
  A boulder beetle (D)
  Erica (D)
  5 centaur warriors (D)
  6 two-headed ogres (D)
  A deep troll shaman (D)
  A tengu warrior (D)
  Nergalle (D)
  A pharaoh ant (D)
  2 ugly things (D)
  A deep elf pyromancer (D)
  2 orc knights (D)
  6 cane toads (D)
  An efreet (D)
  Psyche (D)
  2 rime drakes (D)
  A tengu conjurer (D)
  3 komodo dragons (D)
  3 trolls (D)
  2 tyrant leeches (D)
  A polar bear (D)
  A tarantella (D)
  3 blink frogs (D)
  A jumping spider (D)
  3 yaks (D)
  3 fire elementals (D)
  A wraith (D)
  Grum (D)
  A steam dragon (D)
  3 vampire mosquitoes (D)
  A water moccasin (D)
  3 hell hounds (D)
  12 orc warriors (D)
  4 wolves (D)
  6 ogres (D)
  A kobold brigand (D)
  3 bullfrogs (D)
  3 orc priests (D)
  An iguana (D)
  4 orc wizards (D)
  A gnoll (D)
  An ufetubus (D)
  5 orcs (D)
  2 endoplasms (D)
  A hobgoblin (D)
  A ball python skeleton (D)
  A frilled lizard (D)
  A kobold (D)
118 creatures vanquished.

Vanquished Creatures (others)
  A vampire knight (D)
  A wizard (D)
2 creatures vanquished.

Grand Total: 120 creatures vanquished

Notes
Turn   | Place    | Note
-------+----------+-------------------------------------------
     0 | D        | mhtbhm the Minotaur Fighter began the quest for the Orb.
     0 | D        | Reached XP level 1. HP: 19/19 MP: 0/0
    33 | D        | Noticed an iguana
    39 | D        | Reached XP level 2. HP: 27/28 MP: 1/1
    41 | D        | Reached skill level 5 in Armour
    43 | D        | Reached skill level 5 in Fighting
    43 | D        | Reached skill level 5 in Shields
    43 | D        | Reached XP level 3. HP: 36/37 MP: 2/2
    89 | D        | Found a snail-covered altar of Cheibriados.
    89 | D        | Found a shadowy altar of Dithmenos.
    89 | D        | Found a white marble altar of Elyvilon.
    89 | D        | Found a blossoming altar of Fedhas.
    89 | D        | Found an opulent altar of Gozag.
    90 | D        | Found a hazy altar of Hepliaklqana.
    91 | D        | Found a viscous altar of Jiyva.
    92 | D        | Found an ancient bone altar of Kikubaaqudgha.
    93 | D        | Found a corrupted altar of Lugonu.
    94 | D        | Found a burning altar of Makhleb.
    95 | D        | Found a sparkling altar of Nemelex Xobeh.
    96 | D        | Found an iron altar of Okawaru.
    97 | D        | Found a stormy altar of Qazlal.
    98 | D        | Found a sacrificial altar of Ru.
    99 | D        | Found a shimmering blue altar of Sif Muna.
   103 | D        | Became a worshipper of Gozag Ym Sagoz the Greedy
   107 | D        | Found a bloodstained altar of Trog.
   108 | D        | Found a hide-covered altar of Uskayaw.
   109 | D        | Found a radiant altar of Vehumet.
   110 | D        | Found an ornate altar of the Wu Jian Council.
   111 | D        | Found a shimmering altar of Xom.
   112 | D        | Found a basalt altar of Yredelemnul.
   113 | D        | Found a glowing silver altar of Zin.
   114 | D        | Found a glowing golden altar of the Shining One.
   169 | D        | Noticed a kobold brigand
   169 | D        | Noticed a troll
   169 | D        | Noticed a yak
   169 | D        | Noticed a troll
   169 | D        | Noticed a steam dragon
   169 | D        | Noticed a troll
   177 | D        | Killed a kobold brigand
   178 | D        | Reached XP level 4. HP: 38/47 MP: 3/3
   182 | D        | Killed a troll
   183 | D        | Reached skill level 10 in Armour
   183 | D        | Reached skill level 1 in Dodging
   183 | D        | Reached XP level 5. HP: 26/57 MP: 4/4
   183 | D        | Reached XP level 6. HP: 29/63 MP: 5/5
   185 | D        | Killed a yak
   185 | D        | Killed a steam dragon
   186 | D        | Reached skill level 10 in Fighting
   186 | D        | Reached skill level 1 in Stealth
   186 | D        | Reached skill level 10 in Shields
   186 | D        | Reached skill level 1 in Evocations
   186 | D        | Reached XP level 7. HP: 34/72 MP: 6/6
   188 | D        | Killed a troll
   190 | D        | Killed a troll
   191 | D        | Reached XP level 8. HP: 40/82 MP: 7/7
   372 | D        | Noticed a deep elf pyromancer
   372 | D        | Noticed an efreet
   372 | D        | Noticed a purple ugly thing
   372 | D        | Noticed a tengu warrior
   376 | D        | Killed a deep elf pyromancer
   385 | D        | Killed an efreet
   387 | D        | Killed a purple ugly thing
   388 | D        | Reached skill level 10 in Polearms
   388 | D        | Reached XP level 9. HP: 70/91 MP: 8/8
   419 | D        | Killed a tengu warrior
   746 | D        | Got the +11 spear "Funud" {flame, rPois rN+ Int-4 SInv}
   759 | D        | Noticed a cane toad
   759 | D        | Noticed a komodo dragon
   763 | D        | Noticed a rime drake
   770 | D        | Killed a cane toad
   771 | D        | Reached skill level 15 in Armour
   784 | D        | Killed a komodo dragon
   786 | D        | Killed a rime drake
   787 | D        | Reached XP level 10. HP: 102/102 MP: 9/9
   810 | D        | Noticed a four-headed hydra
   828 | D        | Killed a four-headed hydra
   829 | D        | Noticed a cane toad
   834 | D        | Reached skill level 5 in Stealth
   854 | D        | Killed a cane toad
   860 | D        | Reached skill level 5 in Evocations
   960 | D        | Noticed a cane toad
   960 | D        | Noticed a cane toad
   960 | D        | Noticed a cane toad
   962 | D        | Killed a cane toad
   963 | D        | Reached skill level 5 in Dodging
   973 | D        | Reached skill level 15 in Fighting
   980 | D        | Killed a cane toad
   984 | D        | Killed a cane toad
   985 | D        | Reached XP level 11. HP: 102/112 MP: 10/10
  1107 | D        | Noticed Erolcha
  1114 | D        | Killed Erolcha
  1128 | D        | Noticed Gastronok
  1142 | D        | Killed Gastronok
  1143 | D        | Reached skill level 15 in Polearms
  1143 | D        | Reached skill level 15 in Shields
  1188 | D        | Noticed an orc knight
  1204 | D        | Killed an orc knight
  1374 | D        | Noticed an orc knight
  1390 | D        | Killed an orc knight
  1464 | D        | Found Wenibril's Antique Armour Emporium.
  1464 | D        | Noticed a two-headed ogre
  1464 | D        | Noticed a two-headed ogre
  1471 | D        | Killed a two-headed ogre
  1474 | D        | Noticed an ogre mage
  1478 | D        | Found Qebuxt's Distillery.
  1478 | D        | Noticed a two-headed ogre
  1481 | D        | Killed a two-headed ogre
  1494 | D        | Killed an ogre mage
  1497 | D        | Killed a two-headed ogre
  1505 | D        | Found Jevin's Magic Scroll Emporium.
  1509 | D        | Found Gianotoq's Antique Weapon Shoppe.
  1511 | D        | Noticed a two-headed ogre
  1513 | D        | Noticed a two-headed ogre
  1514 | D        | Noticed a two-headed ogre
  1519 | D        | Killed a two-headed ogre
  1520 | D        | Reached XP level 12. HP: 117/127 MP: 11/11
  1527 | D        | Killed a two-headed ogre
  1531 | D        | Killed a two-headed ogre
  1591 | D        | Bought a fine hat for 270 gold pieces
  1591 | D        | Identified the +2 hat "Owavatan" {*Slow Dex+3} (You bought
                  | it in a shop in the Dungeon)
  1598 | D        | Bought a potion of attraction for 42 gold pieces
  1598 | D        | Bought a potion of berserk rage for 70 gold pieces
  1598 | D        | Bought 2 potions of curing for 84 gold pieces
  1598 | D        | Bought a potion of curing for 42 gold pieces
  1598 | D        | Bought a potion of berserk rage for 70 gold pieces
  1598 | D        | Bought a potion of heal wounds for 70 gold pieces
  1598 | D        | Bought a potion of mutation for 112 gold pieces
  1600 | D        | Bought a scroll of blinking for 105 gold pieces
  1600 | D        | Bought a scroll of holy word for 105 gold pieces
  1600 | D        | Bought a scroll of identify for 28 gold pieces
  1602 | D        | Bought a scroll of fear for 49 gold pieces
  1632 | D        | Noticed Psyche
  1639 | D        | Killed Psyche
  1675 | D        | Noticed Grum
  1690 | D        | Killed Grum
  1824 | D        | Noticed a boulder beetle
  1824 | D        | Noticed an ogre mage
  1824 | D        | Noticed a centaur warrior
  1824 | D        | Noticed a centaur warrior
  1824 | D        | Noticed a centaur warrior
  1824 | D        | Noticed a centaur warrior
  1825 | D        | Noticed a centaur warrior
  1826 | D        | Noticed a boulder beetle
  1829 | D        | Killed an ogre mage
  1835 | D        | Killed a centaur warrior
  1836 | D        | Noticed a stone giant
  1839 | D        | Killed a centaur warrior
  1846 | D        | Killed a centaur warrior
  1848 | D        | Noticed an ice dragon
  1853 | D        | Killed a centaur warrior
  1859 | D        | Noticed a vampire knight
  1868 | D        | Killed a stone giant
  1871 | D        | Noticed a deep troll shaman
  1874 | D        | Killed a boulder beetle
  1877 | D        | Killed a centaur warrior
  1889 | D        | Killed an ice dragon
  1897 | D        | Killed a vampire knight
  1905 | D        | Killed a deep troll shaman
  2159 | D        | Noticed Nergalle
  2172 | D        | Killed Nergalle
  2185 | D        | Noticed Erica
  2201 | D        | Killed Erica
  2212 | D        | Noticed Azrael
  2238 | D        | Killed Azrael
  2239 | D        | Reached XP level 13. HP: 63/138 MP: 12/12
  2526 | D        | Noticed an entropy weaver
  2527 | D        | Noticed a broodmother
  2569 | D        | Mangled by a jumping spider simulacrum

Illustrated notes

Levels and vault maps discovered:
D:        linesprint [early_d, line_temple, items_1, d_10, items_2, lair_1,
          lair_end, items_3, orc_1, orc_end, items_4, d_15, swamp_1, shoals_1,
          snake_1, spider_1, d_20, vaults_1, items_5, swamp_end, shoals_end,
          snake_end, spider_end, vaults_end, d_27, items_6, zot_1, zot_end,
          crypt_end, forest_end, elf_end, slime_end, tomb_end, abyss_end,
          pan_hell_end]

Skill      XL: |  1  2  3  4  5  6  7  8  9 10 11 12 13 |
---------------+----------------------------------------+-----
Fighting       | 4 5 7 9 10 11 12 13 15 17 19 | 19.7
Armour         | 4 5 7 10 11 12 14 15 16 18 | 18.8
Shields        | 4 5 6 8 10 11 12 13 14 16 18 19 | 19.1
Polearms       | 3 4 6 7 8 10 12 14 17 19 | 19.7
Dodging        | 1 2 3 5 6 8 |  8.1
Stealth        | 1 2 4 5 6 9 |  9.9
Evocations     | 1 2 4 5 |  5.8

Action                   |  1- 3 |  4- 6 |  7- 9 | 10-12 | 13-15 || total
-------------------------+-------+-------+-------+-------+-------++-------
Melee: Trident           |    28 |     4 |    45 |       |       ||    77
       Headbutt          |     4 |     2 |     9 |    60 |    15 ||    90
       Spear             |       |       |    27 |   366 |    53 ||   446
Invok: Potion Petition   |       |       |       |     3 |       ||     3
Evoke: Wand              |       |     4 |     5 |       |       ||     9
  Use: Potion            |     2 |       |     2 |       |     1 ||     5
 Stab: Invisible         |       |     1 |     1 |     8 |       ||    10
       Distracted        |       |       |     1 |     4 |     2 ||     7
Armor: Scale mail        |     5 |       |       |       |       ||     5
       Chain mail        |     1 |     3 |    39 |    49 |    10 ||   102
Dodge: Dodged            |     6 |     3 |    21 |    36 |    12 ||    78
Block: Buckler           |     3 |     3 |    12 |       |       ||    18
       Kite shield       |       |       |     6 |    94 |    30 ||   130

Table legend: (Time is in decaauts)
 A = Elapsed time spent in this place.
 B = Non-inter-level travel time spent in this place.
 C = Inter-level travel time spent in this place.
 D = Time resting spent in this place.
 E = Time spent auto-exploring this place.
 F = Levels seen in this place.
 G = Mean time per level.
                   A        B        C        D        E       F      G
               +--------+--------+--------+--------+--------+-----+--------+
         Total |   2429 |   2429 |      0 |    627 |    681 |   1 | 2429.0 |
       Dungeon |   2429 |   2429 |      0 |    627 |    681 |   1 | 2429.0 |
               +--------+--------+--------+--------+--------+-----+--------+

Top non-repeatable levels by time:
       D: 2429 daAuts
